cohdb
Replays
Latest Replays
All Replays
Popular Replays
Top Player Replays
Match Explorer
How It Works
Community
CoH3 Stats
Reddit
Sign in to upload your games and track your stats! →
Sign in with Steam
Match 45975341
Unlisted
Match 45975341
Overview
Messages
Build Orders
End
Construct Barracks
Riflemen Squad
Riflemen Squad
Riflemen Squad
Grenade Package
Selects Advanced Infantry Battlegroup
Selects Convert to Ranger Squad
Convert to Ranger Squad
Infantry Support Center
Convert to Ranger Squad
Selects Frontline Medical Station
Frontline Medical Station
Munitions Surplus
Advanced Logistics
Convert to Ranger Squad
Survival Training
Selects Ranger Weapon Training
Selects Artillery Observers
Ranger Squad
Construct Medical Station
Selects M2A1 105mm Howitzer Emplacement
Ranger Squad
Engineer Squad
Vichunt_st
kitoune
Dark Lord Cthulhu
Zeal
0
0
Comments
sign in to comment!
No comments posted yet!